 Dungeon Crawl Stone Soup version 0.18.1-6-gd335043 (webtiles) character file.

1639 mistymad the Covered (level 8, -14/51 HPs)
             Began as a Gargoyle Fighter on May 21, 2016.
             Was a Priest of Okawaru.
             Killed by divine providence
             ... invoked by a smoke demon
              (16 damage)
             ... on level 2 of the Abyss.
             The game lasted 00:10:37 (4624 turns).

mistymad the Covered (Gargoyle Fighter)             Turns: 4624, Time: 00:10:37

Health: -14/51     AC: 22    Str: 20    XL:     8   Next: 99%
Magic:  8/8        EV:  5    Int:  9    God:    Okawaru [***...]
Gold:   408        SH: 10    Dex: 11    Spells: 0 memorised, 7 levels left

rFire  . . .     SeeInvis .     k - +2 mace (holy)
rCold  . . .     Gourm    .     L - +0 plate armour
rNeg   + . .     Faith    .     c - +0 shield
rPois  ∞         Spirit   .     l - +2 helmet
rElec  +         Dismiss  .     H - +0 cloak
rCorr  .         Reflect  .     (no gloves)
SustAt .         Harm     .     (no boots)
MR     .....                    (no amulet)
Stlth  ..........               (no ring)
                                (no ring)

@: not resistant to hostile enchantments, extremely unstealthy
A: negative energy resistance 1, electricity resistance, unbreathing,
petrification resistance, rot immunity, AC +5
a: Heroism, Renounce Religion


You were on level 2 of the Abyss.
You worshipped Okawaru.
Okawaru was most pleased with you.
You were not hungry.

You visited 2 branches of the dungeon, and saw 7 of its levels.
You visited the Abyss 1 time.

You collected 408 gold pieces.

Inventory:

Hand Weapons
 k - a +2 mace of holy wrath (weapon)
Armour
 c - a +0 shield (worn)
 l - a +2 helmet (worn)
 H - a +0 cloak (worn)
 L - a +0 plate armour (worn)
Jewellery
 h - a +4 ring of intelligence {unknown}
 t - an uncursed ring of resist corrosion {unknown}
Wands
 B - a wand of paralysis (7/24)
 J - a wand of iceblast (4/15)
Scrolls
 b - a scroll of vulnerability {unknown}
 e - 3 scrolls of teleportation {unknown}
 g - 12 scrolls of identify {unknown}
 i - 3 scrolls of noise {unknown}
 m - 2 scrolls of remove curse {unknown}
 n - a scroll of enchant armour {unknown}
 v - 2 scrolls of blinking {unknown}
 y - a scroll of amnesia {unknown}
 A - a scroll of immolation {unknown}
 C - a scroll of enchant weapon {unknown}
Potions
 d - 2 potions of might
 j - 2 potions of curing {unknown}
 o - a potion of invisibility {unknown}
 p - 2 potions of agility {unknown}
 q - a potion of heal wounds {unknown}
 s - 2 potions of cure mutation {unknown}
 w - a potion of ambrosia {unknown}
 x - a potion of mutation {unknown}
 z - a potion of magic {unknown}
 D - a potion of flight {unknown}
 E - a potion of berserk rage {unknown}
 I - a potion of degeneration {unknown}
Books
 G - a book of Necromancy

   Spells                             Type                      Level
   a - Pain                           Necromancy                   1
   b - Animate Skeleton               Necromancy                   1
   c - Vampiric Draining              Necromancy                   3
   d - Regeneration                   Charms/Necromancy            3
   e - Animate Dead                   Necromancy                   4
   f - Control Undead                 Necromancy                   4
Comestibles
 a - 4 meat rations
 f - 2 bread rations
 r - a beef jerky
 u - 4 fruits


   Skills:
 + Level 6.3 Fighting
 + Level 5.1 Maces & Flails
 + Level 6.5 Armour
 + Level 4.0 Dodging
 + Level 6.1 Shields


You had 7 spell levels left.
You didn't know any spells.

Dungeon Overview and Level Annotations

Branches:
Dungeon (6/15)             Temple (1/1) D:6

Altars:
Cheibriados
Dithmenos
Elyvilon
Okawaru
Pakellas
Qazlal
Trog
Vehumet
Xom
Yredelemnul
Zin

Annotations:
D:6 Crazy Yiuf


Innate Abilities, Weirdness & Mutations

You are resistant to torment.
Your stone body is resilient (AC +5).
You are immune to poison.
You resist negative energy.
You are resistant to electric shocks.
You can survive without breathing.
You are immune to petrification.
You are immune to rotting.


Message History

Found a gateway leading deeper into the Abyss.
The hellwing swoops through the air toward you!
The hellwing hits you! You block the hellwing's attack.
The hellwing blocks your attack.
The hellwing's corpse armour sloughs away.
The hellwing hits you but does no damage. x2
The small abomination hits you but does no damage.
The small abomination barely misses you.
A bone dragon comes into view.
A hellion comes into view.
The hellion gives a hideous shriek!
The hellion gestures at you.
The damnation unfurls!
The damnation engulfs you!
* * * LOW HITPOINT WARNING * * *
The small abomination hits you but does no damage.
The hellwing swoops through the air toward you!
The hellwing hits you but does no damage. x2
The smoke demon gestures at you. Something smites you!
You die...

... ## .... .#
..2. .# ...... .#
......###.##
........4..#
........@#
.......D.# #
.......#x# ...
...#....h# ....
#....>...#
##.....
....#.##3##.....#
....#..##X.#...#
.. ##.#....# # #
#..##...#


You could see a bone dragon, a large abomination, a hellwing, a smoke demon, a
hellion, a raiju and a small abomination.

Vanquished Creatures
  Pikel (D:6)
  An orc warrior (D:6)
  A slave (D:6)
  An ice beast (D:6)
  A necrophage (D:6)
  A centaur (D:6)
  4 giant frogs
  2 scorpions
  A jelly (D:6)
  3 crimson imps (D:5)
  An orc priest (D:4)
  An orc wizard (D:6)
  3 worker ants
  Robin (D:2)
  5 adders
  A shadow imp (D:6)
  3 oozes
  5 worms
  2 dart slugs (D:1)
  6 giant geckos
  12 orcs
  9 bats
  2 giant cockroaches
  11 goblins
  15 hobgoblins
  8 jackals
  9 kobolds
  4 quokkas
  A ball python (D:1)
  A giant newt (D:2)
  5 rats
121 creatures vanquished.

Vanquished Creatures (others)
  A slave (D:6)
  A scorpion (D:6)
  An orc (D:6)
  A fungus (D:6)
4 creatures vanquished.

Grand Total: 125 creatures vanquished

Notes
Turn   | Place    | Note
--------------------------------------------------------------
     0 | D:1      | mistymad the Gargoyle Fighter began the quest for the Orb.
     0 | D:1      | Reached XP level 1. HP: 14/14 MP: 1/1
    37 | D:1      | Reached XP level 2. HP: 18/19 MP: 2/2
   347 | D:1      | Reached XP level 3. HP: 16/24 MP: 3/3
   669 | D:2      | Noticed Robin
   686 | D:2      | Killed Robin
   698 | D:2      | Reached XP level 4. HP: 10/29 MP: 4/4
  1046 | D:2      | Reached skill level 1 in Dodging
  1161 | D:2      | Found a snail-covered altar of Cheibriados.
  1354 | D:3      | Reached XP level 5. HP: 33/33 MP: 5/5
  1405 | D:3      | Found a shimmering altar of Xom.
  1405 | D:3      | Found a shimmering altar of Xom.
  1485 | D:3      | Found a shimmering altar of Xom.
  1502 | D:3      | Found a shimmering altar of Xom.
  1626 | D:3      | Found a shimmering altar of Xom.
  1627 | D:3      | Found a shimmering altar of Xom.
  1807 | D:3      | Found an iron altar of Okawaru.
  1808 | D:3      | Found a bloodstained altar of Trog.
  1888 | D:3      | Became a worshipper of Warmaster Okawaru
  2507 | D:4      | Reached XP level 6. HP: 35/39 MP: 6/6
  2898 | D:5      | Entered Level 5 of the Dungeon
  3172 | D:5      | Reached skill level 5 in Armour
  3175 | D:5      | Reached * piety under Okawaru
  3206 | D:5      | Reached XP level 7. HP: 43/44 MP: 7/7
  3430 | D:5      | Found a shadowy altar of Dithmenos.
  3693 | D:6      | Found a staircase to the Ecumenical Temple.
  3701 | Temple   | Entered the Ecumenical Temple
  3902 | D:6      | Reached skill level 5 in Fighting
  3936 | D:6      | Reached skill level 5 in Shields
  4089 | D:6      | Noticed Pikel
  4106 | D:6      | Reached XP level 8. HP: 42/50 MP: 8/8
  4154 | D:6      | Killed Pikel
  4154 | D:6      | Reached ** piety under Okawaru
  4275 | D:6      | Reached *** piety under Okawaru
  4304 | D:6      | Reached skill level 5 in Maces & Flails
  4476 | D:6      | Noticed Crazy Yiuf
  4486 | D:6      | Cast into level 2 of the Abyss (Crazy Yiuf)
  4509 | Abyss:2  | Noticed a large abomination
  4566 | Abyss:2  | Noticed a large abomination
  4583 | Abyss:2  | Noticed a smoke demon
  4587 | Abyss:2  | Noticed a raiju
  4601 | Abyss:2  | Noticed a hellwing
  4604 | Abyss:2  | Noticed a large abomination
  4619 | Abyss:2  | Noticed a bone dragon
  4622 | Abyss:2  | Noticed a hellion
  4623 | Abyss:2  | HP: 2/51 [hellion/damnation (18)]
  4624 | Abyss:2  | Killed from afar by a smoke demon

Skill      XL: |  1  2  3  4  5  6  7  8 |
---------------+-------------------------+-----
Fighting       | 4 5 6 |  6.3
Armour         | 4 5 6 |  6.5
Dodging        | 1 2 3 4 |  4.0
Shields        | 4 5 6 |  6.1
Maces & Flails | 3 4 5 |  5.1

Action                   |  1- 3 |  4- 6 |  7- 9 || total
-------------------------+-------+-------+-------++-------
Melee: Flail             |   122 |     7 |       ||   129
       Mace              |       |   258 |   199 ||   457
Evoke: Wand              |       |       |     3 ||     3
 Stab: Paralysed         |       |       |     7 ||     7
  Eat: Chunk             |       |     8 |     5 ||    13
Armor: Scale mail        |   108 |   165 |    79 ||   352
       Plate armour      |       |       |    19 ||    19
Dodge: Dodged            |    66 |   106 |    60 ||   232
Block: Shield            |    80 |   168 |    93 ||   341
